 Dungeon Crawl Stone Soup version 0.14-a0-2848-g1d0399b (webtiles) character file.

127 JEFFREY the Charlatan (level 4, -1/40 HPs)
             Began as a Deep Dwarf Fighter on Feb 27, 2014.
             Slain by a worm (6 damage)
             ... on Level 3 of the Dungeon.
             The game lasted 00:05:05 (1617 turns).

JEFFREY the Charlatan (Deep Dwarf Fighter)          Turns: 1617, Time: 00:05:05

HP  -1/40        AC  7     Str 20      XL: 4   Next: 11%
MP   7/7         EV  6     Int  9      God:
Gold 52          SH 21     Dex 12      Spells:  0 memorised,  3 levels left

rFire  . . .     SeeInvis .     a - +0 hand axe
rCold  . . .     Clarity  .     b - +0 dwarf scale mail
rNeg   . . .     Conserve .     c - +0 dwarf shield
rPois  .         rCorr    .     (no helmet)
rElec  .         rRot     .     (no cloak)
SustAb . .       Spirit   .     (no gloves)
rMut   .         Warding  .     (no boots)
Saprov . . .     Stasis   .     (no amulet)
MR     .....                    (no ring)
                                (no ring)

@: non-regenerating, not resistant to hostile enchantments, extremely unstealthy
A: damage resistance, recharge devices, sense surroundings 1, slow healing 3
a: Device Recharging


You were on level 3 of the Dungeon.
You were hungry.

You visited 1 branch of the dungeon, and saw 3 of its levels.

You collected 52 gold pieces.

Inventory:

Hand weapons
 a - a +0,+0 hand axe (weapon)
Armour
 b - a +0 dwarven scale mail (worn)
 c - a +0 dwarven shield (worn)
Magical devices
 d - a wand of heal wounds (4)
Comestibles
 f - 3 bread rations
Scrolls
 g - a scroll of remove curse {unknown}
 l - a scroll of magic mapping {unknown}
 n - a scroll of recharging {unknown}
 o - a scroll of immolation {unknown}
 p - a scroll of identify {unknown}
 q - a scroll of enchant weapon II {unknown}
 u - a scroll of teleportation {unknown}
Jewellery
 r - an uncursed ring of wizardry {unknown}
Potions
 e - a potion of curing {unknown}
 h - a potion of flight {unknown}
 i - a potion of heal wounds {unknown}
 j - 2 potions of might {unknown}
 k - a potion of brilliance {unknown}
 m - a potion of beneficial mutation {unknown}
 s - a potion of speed {unknown}


   Skills:
 - Level 2.6 Fighting
 + Level 2.8 Axes
 - Level 3.2 Armour
 - Level 3.2 Shields
 - Level 5.0 Evocations


You had 3 spell levels left.
You didn't know any spells.

Dungeon Overview and Level Annotations

Branches:
Dungeon (3/16)

Altars:


Innate Abilities, Weirdness & Mutations

You are resistant to damage.
You can recharge devices by infusing magical energy.
You passively map a small area around you.
You do not heal naturally.


Message History

There is an open door here.
The bat barely misses you.
Your scale mail prevents you from hitting the bat.
The bat closely misses you.
You hit the bat.
The bat is heavily wounded.
You block the bat's attack. The bat hits you but does no damage.
The worm bites you. The bat hits you but does no damage.
There is an open door, spattered with blood here.
You block the bat's attack.
You closely miss the bat.
The bat is moderately wounded.
The bat hits you. You block the bat's attack.
You hit the bat.
You kill the bat!
You hit the worm.
The worm is lightly wounded.
The worm bites you!
You die...

#....... #.....<>#* *
, #.......# * ,,
#.......# , >
#.......# . #.......#
, , . #.......# ..
##w#* * ###.# #.@#
##<..# #.## #..###
###.###### ####'####
#........####........
#........##.'........
#...........#........
#........####>.......
########## #########


You could see a worm.

Vanquished Creatures
  Terence (D:2)
  3 adders (D:2)
  2 worms (D:2)
  An ooze (D:2)
  6 bats
  4 hobgoblins
  A giant cockroach (D:2)
  A giant gecko (D:2)
  A giant newt (D:2)
  3 goblins (D:1)
  3 kobolds
  A quokka (D:2)
  4 rats
31 creatures vanquished.

Notes
Turn   | Place    | Note
--------------------------------------------------------------
     0 | D:1      | JEFFREY, the Deep Dwarf Fighter, began the quest for the Orb.
     0 | D:1      | Reached XP level 1. HP: 20/20 MP: 1/1
    59 | D:1      | Reached skill level 1 in Evocations
   323 | D:1      | Reached XP level 2. HP: 27/27 MP: 2/2
   754 | D:2      | Reached skill level 4 in Evocations
   754 | D:2      | Reached XP level 3. HP: 15/33 MP: 5/5
   912 | D:2      | Reached skill level 5 in Evocations
  1066 | D:2      | Noticed Terence
  1085 | D:2      | Killed Terence
  1085 | D:2      | Reached XP level 4. HP: 7/40 MP: 7/7
  1617 | D:3      | Slain by a worm

Action                   |  1- 3 |  4- 6 || total
-------------------------+-------+-------++-------
Melee: Hand axe          |   122 |    11 ||   133
Evoke: Wand              |     1 |       ||     1
